 Dungeon Crawl Stone Soup version 0.29-a0-393-g47a863c (webtiles) character file.

Game seed: 11893137859101838248

1473 Illumine the Quickloader (level 9, -4/55 HPs)
             Began as a Kobold Hunter on May 9, 2022.
             Was a Believer of Okawaru.
             Slain by a yak (13 damage)
             ... on level 5 of the Dungeon on May 10, 2022.
             The game lasted 00:09:52 (6491 turns).

Illumine the Quickloader (Kobold Hunter)            Turns: 6491, Time: 00:09:53

Health: -4/55      AC:  9    Str: 12    XL:     9   Next: 6%
Magic:  20/20      EV: 17    Int: 10    God:    Okawaru [**....]
Gold:   254        SH:  5    Dex: 19    Spells: 8/8 levels left

rFire   . . .      SeeInvis .   b - +0 hand axe (elec)
rCold   . . .      Faith    .   (no shield)
rNeg    . . .      Spirit   .   m - +0 leather armour
rPois   .          Reflect  +   (no helmet)
rElec   .          Harm     .   x - +1 cloak
rCorr   .          Rampage  .   (no gloves)
Will    .....                   (no boots)
Stlth   ++++......              g - amulet of reflection
HPRegen 0.18/turn               n - ring of magical power
MPRegen 0.17/turn               v - +4 ring of protection

@: no status effects
A: small, no large weapons, nightstalker 3
a: Renounce Religion, Heroism


You were on level 5 of the Dungeon.
You worshipped Okawaru.
Okawaru was pleased with you.
You visited 1 branch of the dungeon, and saw 5 of its levels.

You collected 254 gold pieces.

Inventory:

Hand Weapons
 a - a +1 hand crossbow
 b - a +0 hand axe of electrocution (weapon)
Armour
 d - a +1 ring mail of cold resistance
 m - a +0 leather armour (worn)
 x - a +1 cloak (worn)
Magical Staves
 l - a staff of cold
Jewellery
 g - an amulet of reflection (around neck)
 n - a ring of magical power (left hand)
 v - a +4 ring of protection (right hand)
Wands
 u - a wand of iceblast (8)
 w - a wand of polymorph (21)
Scrolls
 c - 2 scrolls of immolation
 f - a scroll of torment {unknown}
 t - a scroll of vulnerability {unknown}
 y - a scroll of fog {unknown}
Potions
 e - 6 potions of curing
 h - 2 potions of haste {unknown}
 j - 2 potions of attraction {unknown}
 o - 3 potions of mutation {unknown}
 q - 2 potions of might {unknown}
 r - 2 potions of heal wounds


   Skills:
 + Level 6.0 Fighting
 - Level 2.0 Axes
 + Level 8.5 Crossbows
 - Level 2.2 Armour
 + Level 5.3 Dodging
 - Level 5.1 Stealth
 + Level 3.7 Invocations


You had 8 spell levels left.
You didn't know any spells.
Your spell library contained the following spells:

 Spells                   Type           Power      Damage    Failure   Level
 Ensorcelled Hibernation  Hex/Ice        0%         N/A       58%         2
 Passwall                 Tmut/Erth      0%         N/A       58%         2
 Swiftness                Air            0%         N/A       82%         3
 Alistair's Intoxication  Tmut/Pois      0%         N/A       100%        5
 Borgnjor's Vile Clutch   Necr/Erth      0%         N/A       100%        5
 Eringya's Noxious Bog    Tmut/Pois      0%         N/A       100%        6


Dungeon Overview and Level Annotations

Branches:
Dungeon (5/15)             Temple (0/1) D:5

Altars:
Okawaru


Innate Abilities, Weirdness & Mutations

You are small and have problems with some larger weapons.
You are completely attuned to the shadows.


Message History

The yak is lightly wounded.
The sentinel's mark upon you fades away.
The yak gores you!
You barely miss the yak.
The yak is lightly wounded.
The yak closely misses you.
You hit the yak but do no damage.
The yak is lightly wounded.
The yak barely misses you.
You hit the yak.
The yak is moderately wounded.
The yak gores you but does no damage.
You barely miss the yak.
The yak is moderately wounded.
You block the yak's attack. The yak completely misses you.
You closely miss the yak.
The yak is moderately wounded.
The yak gores you but does no damage.
You hit the yak but do no damage. Lightning courses through the yak!
The yak is severely wounded.
The yak closely misses you.
You hit the yak but do no damage. Lightning courses through the yak!
The yak is almost dead.
The yak completely misses you.
You hit the yak.
The yak is almost dead.
The yak gores you!
* * * LOW HITPOINT WARNING * * *
You hit the yak but do no damage.
The yak is almost dead.
The yak misses you. The yak gores you.
* * * LOW HITPOINT WARNING * * *
The yak attacks as you move away! The yak barely misses you.
You hit the yak but do no damage.
The yak is almost dead.
The yak misses you.
You barely miss the yak.
The yak is almost dead.
The yak gores you!
You die...

......#...#####.#
...######....##.#
...#########.##)##
..........##.....#
#########...####.#
#####)##.# #'##.#
..#)# .#@# ##
###Y# .....#.####
#..#.#.....
.##..#.....
.##..#.....
#.)#.#...).
...........
######.....


You could see a yak.

Vanquished Creatures
  A shadow (D:5)
  A steam dragon (D:4)
  3 black bears
  4 ogres (D:5)
  A bullfrog (D:4)
  A scorpion (D:5)
  Crazy Yiuf (D:2)
  A hound (D:4)
  3 jellies
  Jessica (D:2)
  An orc wizard (D:4)
  6 adders
  8 gnolls
  An ufetubus (D:5)
  3 worms
  2 dart slugs
  16 orcs
  4 endoplasms
  5 giant cockroaches
  7 goblins
  7 hobgoblins
  3 jackals
  7 quokkas
  3 ball pythons
  4 bats
  A frilled lizard (D:1)
  7 kobolds
  8 rats
110 creatures vanquished.

Notes
Turn   | Place    | Note
-------+----------+-------------------------------------------
     0 | D:1      | Illumine the Kobold Hunter began the quest for the Orb.
     0 | D:1      | Reached XP level 1. HP: 12/12 MP: 1/1
   167 | D:1      | Reached XP level 2. HP: 18/18 MP: 2/2
   507 | D:1      | Found a faded altar of an unknown god.
   564 | D:1      | Reached XP level 3. HP: 22/22 MP: 3/3
   932 | D:2      | Reached skill level 1 in Armour
  1066 | D:2      | Found a runed translucent door.
  1069 | D:2      | Noticed Crazy Yiuf
  1177 | D:2      | Noticed Jessica
  1179 | D:2      | Killed Jessica
  1180 | D:2      | Reached XP level 4. HP: 28/28 MP: 4/4
  1521 | D:3      | Reached skill level 6 in Crossbows
  1683 | D:3      | Found an iron altar of Okawaru.
  1788 | D:3      | Noticed a black bear
  1905 | D:4      | Reached XP level 5. HP: 29/32 MP: 5/5
  1985 | D:4      | Noticed a bullfrog
  1997 | D:4      | Killed a bullfrog
  2420 | D:4      | Reached XP level 6. HP: 37/37 MP: 6/6
  3851 | D:5      | Entered Level 5 of the Dungeon
  3852 | D:5      | Noticed an ogre
  3977 | D:5      | Noticed a steam dragon
  4457 | D:2      | Killed Crazy Yiuf
  4841 | D:3      | Reached skill level 1 in Axes
  4948 | D:3      | Killed a black bear
  4949 | D:3      | Reached XP level 7. HP: 31/43 MP: 7/7
  5230 | D:3      | Became a worshipper of Warmaster Okawaru
  5271 | D:5      | Reached skill level 7 in Crossbows
  5271 | D:5      | Reached skill level 5 in Stealth
  5385 | D:5      | Reached skill level 1 in Invocations
  5462 | D:5      | Found a staircase to the Ecumenical Temple.
  5477 | D:5      | Reached XP level 8. HP: 48/48 MP: 8/8
  5775 | D:5      | Reached skill level 5 in Fighting
  5827 | D:5      | Reached * piety under Okawaru
  5964 | D:5      | Reached skill level 8 in Crossbows
  6083 | D:5      | Noticed a shadow
  6111 | D:5      | Killed a shadow
  6111 | D:5      | Reached ** piety under Okawaru
  6112 | D:5      | Reached skill level 5 in Dodging
  6243 | D:5      | Reached XP level 9. HP: 20/55 MP: 11/11
  6491 | D:5      | Slain by a yak

Illustrated notes

Levels and vault maps discovered:
D:1:      lemuel_arrival_behind_the_door_small, layout_basic, serial_forest,
          infiniplex_forest_diagonal, infiniplex_forest_clump_small,
          infiniplex_forest_corner_2, infiniplex_forest_3_way,
          infiniplex_forest_straight_2,
          dreamdust_ecumenical_altar_hidden_monk_grotto
D:2:      layout_rooms, uniq_crazy_yiuf_cottage, uniq_jessica
D:3:      layout_basic, general_overflow_altar
D:4:      layout_layer_cave
D:5:      minmay_clustersquares, layout_rooms, minmay_temple_entry_glassed_door

Skill      XL: |  1  2  3  4  5  6  7  8  9 |
---------------+----------------------------+-----
Stealth        | 2 3 4 5 |  5.1
Armour         | 1 2 |  2.2
Fighting       | 3 4 5 6 |  6.0
Crossbows      | 6 7 8 |  8.5
Axes           | 1 2 |  2.0
Dodging        | 3 5 |  5.3
Invocations    | 1 3 |  3.7

Action                   |  1- 3 |  4- 6 |  7- 9 || total
-------------------------+-------+-------+-------++-------
Melee: Hand axe          |     1 |    32 |    98 ||   131
       Unarmed           |       |     1 |       ||     1
       Punch             |       |     1 |       ||     1
 Fire: Hand crossbow     |    71 |   138 |    74 ||   283
  Use: Scroll            |       |       |     8 ||     8
       Potion            |       |       |     1 ||     1
Armor: Ring mail         |     4 |    17 |       ||    21
       Skin              |       |     9 |       ||     9
       Leather armour    |       |     4 |    40 ||    44
Dodge: Dodged            |    21 |    56 |   110 ||   187
Block: Other             |       |    11 |    38 ||    49

Table legend: (Time is in decaauts)
 A = Elapsed time spent in this place.
 B = Non-inter-level travel time spent in this place.
 C = Inter-level travel time spent in this place.
 D = Time resting spent in this place.
 E = Time spent auto-exploring this place.
 F = Levels seen in this place.
 G = Mean time per level.
                   A        B        C        D        E       F      G
               +--------+--------+--------+--------+--------+-----+--------+
         Total |   6583 |   6250 |    333 |   1795 |   3483 |   5 | 1316.6 |
       Dungeon |   6583 |   6250 |    333 |   1795 |   3483 |   5 | 1316.6 |
               +--------+--------+--------+--------+--------+-----+--------+

Top non-repeatable levels by time:
     D:4: 2798 daAuts
     D:5: 1025 daAuts
     D:2: 955 daAuts
     D:3: 934 daAuts
     D:1: 869 daAuts
